 Dungeon Crawl Stone Soup version 0.30-a0-782-ge64f9170bb (webtiles) character file.

Game seed: 14927644473164981408

2 Esekla the Sneak (level 1, 16/16 HPs)
             Began as an Octopode Delver on Feb 19, 2023.
             Quit the game in the Ecumenical Temple.
             The game lasted 00:01:28 (103 turns).

Esekla the Sneak (Octopode Delver)                   Turns: 103, Time: 00:01:28

Health: 16/16      AC:  1    Str: 11    XL:     1   Next: 30%
Magic:  1/1        EV: 13    Int: 12    God:
Gold:   15         SH:  0    Dex: 13    Spells: 0/0 levels left

rFire   . . .      SeeInvis .    a - +0 falchion
rCold   . . .      Faith    .    (no shield)
rNeg    . . .      Spirit   .    (helmet restricted)
rPois   .          Reflect  .    (no amulet)
rElec   .          Harm     .    (no ring)
rCorr   .          Rampage  .    (no ring)
Will    .....                    (no ring)
Stlth   ++++                     (no ring)
HPRegen 0.22/turn                (no ring)
MPRegen 0.07/turn                (no ring)
                                 (no ring)
                                 (no ring)

@: no status effects
A: almost no armour, amphibious, 8 rings, camouflage 1, gelatinous body 1,
(nimble swimmer 1), tentacles
a: no special abilities


You were in the Ecumenical Temple.
You visited 2 branches of the dungeon, and saw 2 of its levels.

You collected 15 gold pieces.

Inventory:

Hand Weapons
 a - a +0 falchion (weapon)
Missiles
 c - 2 curare-tipped darts (quivered)
Wands
 f - a wand of digging (3)
Scrolls
 b - a scroll of fog
 d - a scroll of fear
 g - a scroll of blinking {unknown}
Potions
 e - a potion of haste


   Skills:
 * Level 3.0 Fighting
 * Level 2.0 Long Blades
 * Level 2.0 Dodging
 + Level 6.6 Stealth


You couldn't memorise any spells.
You didn't know any spells.
Your spell library was empty.

Dungeon Overview and Level Annotations

Branches:
Dungeon (5/15)             Temple (1/1) D:5

Altars:
Ashenzari
Dithmenos
Elyvilon
Hepliaklqana
Nemelex Xobeh
Okawaru
Qazlal
Sif Muna
Yredelemnul
Zin


Innate Abilities, Weirdness & Mutations

You cannot wear most types of armour.
You are amphibious.
You can wear up to eight rings at the same time.
Your skin changes colour to match your surroundings (Stealth+).
Your rubbery body absorbs attacks. (AC +1, EV +1)
((You are camouflaged when in or above water. (Stealth+)))
You have tentacles for arms and can constrict up to eight enemies at once.


Message History

Found a staircase to the Ecumenical Temple.
Found four items.
An orc wizard and an orc come into view.
The orc wizard shouts!
The orc shouts!
The orc wizard gestures wildly while chanting.
The orc wizard flickers and vanishes!
Deactivating autopickup; reactivate with Ctrl-A.
An orc comes into view. It is wielding a +0 club.
An orc warrior comes into view.
It is wielding a +2 long sword of holy wrath.
An iguana comes into view.
There is a staircase to the Ecumenical Temple here.
The orc hits you with a +0 club.
You climb downwards.
Welcome to the Ecumenical Temple!
Reactivating autopickup.
There is a staircase back to the Dungeon here.
You hit the orc. Your grab misses the orc.
The orc is heavily wounded.
The orc barely misses you.
You slash the orc!
You kill the orc!
Things that are here:
a +0 club; an orc corpse You open the gate.
Found three altars.
There is an open gate here.
Found a white marble altar of Elyvilon.
Found a basalt altar of Yredelemnul.
There is a white marble altar of Elyvilon here.
Found a broken altar of Ashenzari.
There is a basalt altar of Yredelemnul here.
Found an iron altar of Okawaru.
Found a shimmering blue altar of Sif Muna.
Found a glowing silver altar of Zin.
Found a hazy altar of Hepliaklqana.
There is a shimmering blue altar of Sif Muna here.
There is a hazy altar of Hepliaklqana here.
Are you sure you want to abandon this character and quit the game? (Confirm with "yes".)
Okay, then.
Unknown command.
Are you sure you want to abandon this character and quit the game? (Confirm with "yes".)

♣♣♣♣♣♣♣♣♣♣♣♣♣♣♣♣♣♣
....P............♣
...P.P...........♣
...........P._...♣
.._...._.........♣
............P....################
.................#.8..8..8..8..8.
........P.......@'...............
.⌠....⌠.P.._.....'...............
.................'...............
....P.....P...P..#.8..8..8..8..8.
.............P...################
_...._...........♣
...........P._...♣
......P..........♣
.................♣


There were no monsters in sight!

Vanquished Creatures
  An orc (Temple)
1 creature vanquished.

Notes
Turn   | Place    | Note
-------+----------+-------------------------------------------
     0 | D:5      | Esekla the Octopode Delver began the quest for the Orb.
     0 | D:5      | Reached XP level 1. HP: 16/16 MP: 1/1
    23 | D:5      | Found a staircase to the Ecumenical Temple.
    26 | D:5      | Noticed an orc wizard
    30 | D:5      | Noticed an orc warrior
    32 | D:5      | Noticed an iguana
    34 | Temple   | Entered the Ecumenical Temple
   103 | Temple   | Quit the game

Illustrated notes

Levels and vault maps discovered:
D:5:      layout_rooms, minmay_temple_entry_tees
Temple:   cyrus_temple_forest

Action                     || total
---------------------------++-------
  Melee: Falchion          ||     2
    Use: Scroll            ||     1
  Dodge: Dodged            ||     1

Table legend: (Time is in decaauts)
 A = Elapsed time spent in this place.
 B = Non-inter-level travel time spent in this place.
 C = Inter-level travel time spent in this place.
 D = Time resting spent in this place.
 E = Time spent auto-exploring this place.
 F = Levels seen in this place.
 G = Mean time per level.
                   A        B        C        D        E       F      G
               +--------+--------+--------+--------+--------+-----+--------+
         Total |    103 |    103 |      0 |      0 |      0 |   2 |   51.5 |
       Dungeon |     34 |     34 |      0 |      0 |      0 |   1 |   34.0 |
        Temple |     69 |     69 |      0 |      0 |      0 |   1 |   69.0 |
               +--------+--------+--------+--------+--------+-----+--------+

Top non-repeatable levels by time:
  Temple: 69 daAuts
     D:5: 34 daAuts
